 Dungeon Sprint DCSS version 0.26-a0-661-g406de6ba63 (webtiles) character file.

Game seed: 15548695536442458442

18326 sahdkjhfkaj the Imperceptible (level 12, -10/64 HPs)
             Began as a Spriggan Enchanter on Oct 8, 2020.
             Was the Champion of Dithmenos.
             Mangled by an azure jelly (44 damage)
             ... in the Dungeon (Sprint III: "The Ten Rune Challenge").
             The game lasted 00:09:52 (3168 turns).

sahdkjhfkaj the Imperceptible (Spriggan Enchanter)  Turns: 3168, Time: 00:09:53

Health: -10/64     AC:  2    Str:  4    XL:     12   Next: 26%
Magic:  28/31      EV: 31    Int: 17    God:    Dithmenos [******]
Gold:   60         SH:  0    Dex: 21    Spells: 31/39 levels left

rFire    . . .     SeeInvis +   a - +1 dagger
rCold    . . .     Faith    .   (shield restricted)
rNeg     . . .     Spirit   .   b - +0 robe
rPois    .         Reflect  .   (helmet restricted)
rElec    .         Harm     .   (no cloak)
rCorr    .         Rampage  .   (gloves unavailable)
MR       ++...     NoTele   +   (boots unavailable)
Stlth    ++++++++++             (no amulet)
HPRegen  0.20/turn              (no ring)
MPRegen  0.22/turn              (no ring)

@: confusing touch, wreathed by umbra, very quick
A: very small, unfitting armour, see invisible, speed 3
a: Shadow Step, Shadow Form, Renounce Religion


You were in the Dungeon.
You worshipped Dithmenos.
Dithmenos was exalted by your worship.
You visited 1 branch You collected 60 gold pieces.

Inventory:

Hand Weapons
 a - a +1 dagger (weapon)
Missiles
 r - 6 curare-tipped darts (quivered)
Armour
 b - a +0 robe (worn)
Wands
 c - a wand of flame (9)
Scrolls
 i - a scroll of blinking
 j - a scroll of torment {unknown}
 k - 2 scrolls of identify {unknown}
 l - 2 scrolls of remove curse {unknown}
 n - 2 scrolls of immolation {unknown}
Potions
 d - 2 potions of curing
 e - a potion of heal wounds
 f - a potion of haste
 g - 2 potions of magic
 h - a potion of berserk rage
 m - 3 potions of flight
 o - 6 potions of mutation
 p - a potion of might
 q - a potion of cancellation {unknown}


   Skills:
 + Level 7.8 Fighting
 + Level 13.1 Short Blades
 + Level 13.1 Dodging
 + Level 23.3 Stealth
 + Level 14.2 Spellcasting
 * Level 19.0 Hexes


You had 31 spell levels left.
You knew the following spells:

 Your Spells              Type           Power        Failure   Level
a - Corona                Hex            ######.      0%          1
b - Ensorcelled Hibernat  Hex/Ice        #####.       1%          2
c - Confusing Touch       Hex            ######..     0%          3
d - Blink                 Tloc           N/A          9%          2

Your spell library contained the following spells:

 Spells                   Type           Power        Failure   Level
 Slow                     Hex            ######..     0%          2
 Tukima's Dance           Hex            ######..     0%          3
 Dazzling Flash           Conj/Hex       #####.       1%          3
 Magic Dart               Conj           ##..         5%          1
 Call Imp                 Summ           ##......     9%          2
 Conjure Flame            Conj/Fire      ##......     17%         3
 Mephitic Cloud           Conj/Pois/Air  ##......     17%         3


Dungeon Overview and Level Annotations

Branches:
Dungeon (1/1)

Altars:
Dithmenos
Elyvilon
Kikubaaqudgha
Okawaru
Ru
Sif Muna
Trog
Uskayaw
Vehumet
Wu Jian
Yredelemnul
Zin
The Shining One
Beogh


Innate Abilities, Weirdness & Mutations

You are very small and have problems with some larger weapons.
You are too small for most types of armour.
You have supernaturally acute eyesight. (SInv)
You cover ground extremely quickly.


Message History

There is an open door here.
Casting: Confusing Touch (safe; 0% risk of failure)
Confirm with . or Enter, or press ? or * to list all spells.
Your hands begin to glow red.
You hit the azure jelly but do no damage.
Your shadow hits the azure jelly but does no damage.
The azure jelly completely misses you. x2; The azure jelly hits you.
The azure jelly completely misses you.
You hit the azure jelly but do no damage.
Your shadow closely misses the azure jelly.
You hit the azure jelly but do no damage.
The azure jelly hits you. The azure jelly freezes you!!!
Ouch! That really hurt!
* * * LOW HITPOINT WARNING * * *
You emit a cloud of dark smoke.
The azure jelly closely misses you. The azure jelly barely misses you.
The azure jelly closely misses you.
You feel much better. The azure jelly hits you.
You emit a cloud of dark smoke.
The azure jelly freezes you!!!
Ouch! That really hurt!
You die...

#..# #..#####....#___#
▓▓▓▓▓▓▓▓▓▓▓▓▓▓▓▓▓▓▓▓▓▓
+≈≈≈≈≈.≈.≈♣♣.....♣♣♣
#≈≈.≈§§§≈≈♣♣†≈≈≈≈'♣♣
#≈.≈≈§§≈≈≈≈'.....#.≈
#≈≈≈§§≈≈≈≈♣♣♣♣♣♣♣#..
#≈≈≈≈≈§§≈.♣ ###
▓##+####§#######♣ ♣♣♣♣
▓.....J@§.......♣♣
♣...
▓#'#############Y♣
♣♣.# ▓...# FYY..§...♣
♣.. ▓.J.+ .Y########
♣♣. ▓J..#≈≈≈.. ♣♣.
▓J..#≈≈≈≈. ♣..
#+######## ###


You could see an azure jelly.

Vanquished Creatures
  Rupert (D)
  An azure jelly (D)
  Dowan (D)
  2 hydras (D)
  Erolcha (D)
  4 death yaks (D)
  Urug (D)
  A death drake (D)
  A lindwurm (D)
  A deep elf mage (D)
  2 black mambas (D)
  Duvessa (D)
  2 cane toads (D)
  A komodo dragon (D)
  A rime drake (D)
  2 orc high priests (D)
  2 tyrant leeches (D)
  8 blink frogs (D)
  5 redbacks (D)
  A shadow (D)
  3 wandering mushrooms (D)
  A swamp drake (D)
  A necrophage (D)
  5 two-headed ogres (D)
  A water elemental (D)
  A scorpion (D)
  An electric eel (D)
  A jelly (D)
  A wizard (D)
  Jessica (D)
  A necromancer (D)
  3 humans (D)
  A kobold demonologist (D)
  An ooze (D)
  2 rats (D)
63 creatures vanquished.

Vanquished Creatures (others)
  2 orc priests (D)
  15 plants (D)
17 creatures vanquished.

Grand Total: 80 creatures vanquished

Notes
Turn   | Place    | Note
-------+----------+-------------------------------------------
     0 | D        | sahdkjhfkaj the Spriggan Enchanter began the quest for the
                  | Orb.
     0 | D        | Reached XP level 1. HP: 9/9 MP: 5/5
     9 | D        | Reached skill level 6 in Stealth
    11 | D        | Reached skill level 7 in Stealth
    41 | D        | Noticed Jessica
    45 | D        | Killed Jessica
    45 | D        | Reached skill level 10 in Stealth
    45 | D        | Reached XP level 2. HP: 13/13 MP: 6/6
    45 | D        | Reached XP level 3. HP: 16/16 MP: 8/8
    49 | D        | Learned a level 2 spell: Ensorcelled Hibernation
    53 | D        | Learned a level 3 spell: Confusing Touch
    60 | D        | Noticed a scorpion
    63 | D        | Killed a scorpion
    63 | D        | Reached skill level 13 in Stealth
    63 | D        | Reached XP level 4. HP: 21/21 MP: 9/9
   142 | D        | Noticed a water elemental
   145 | D        | Killed a water elemental
   145 | D        | Reached skill level 15 in Stealth
   145 | D        | Reached XP level 5. HP: 24/24 MP: 10/10
   154 | D        | Found a basalt altar of Yredelemnul.
   154 | D        | Found a shadowy altar of Dithmenos.
   154 | D        | Found a sacrificial altar of Ru.
   154 | D        | Noticed a necrophage
   156 | D        | Reached skill level 16 in Stealth
   157 | D        | Killed a necrophage
   157 | D        | Reached skill level 17 in Stealth
   161 | D        | Became a worshipper of Dithmenos the Shadowed
   171 | D        | Found a glowing silver altar of Zin.
   172 | D        | Found a glowing golden altar of the Shining One.
   172 | D        | Found a white marble altar of Elyvilon.
   172 | D        | Noticed a deep elf mage
   174 | D        | Killed a deep elf mage
   174 | D        | Reached skill level 18 in Stealth
   174 | D        | Reached XP level 6. HP: 28/28 MP: 11/16
   174 | D        | Reached XP level 7. HP: 32/32 MP: 11/17
   221 | D        | Found a radiant altar of Vehumet.
   222 | D        | Found a shimmering blue altar of Sif Muna.
   222 | D        | Found an ancient bone altar of Kikubaaqudgha.
   223 | D        | Reached skill level 5 in Short Blades
   227 | D        | Reached * piety under Dithmenos
   253 | D        | Learned a level 2 spell: Blink
   259 | D        | Found a hide-covered altar of Uskayaw.
   259 | D        | Found a roughly hewn altar of Beogh.
   259 | D        | Found an iron altar of Okawaru.
   259 | D        | Found a bloodstained altar of Trog.
   259 | D        | Found an ornate altar of the Wu Jian Council.
   259 | D        | Noticed a human
   260 | D        | Noticed a human
   262 | D        | Killed a human
   262 | D        | Reached skill level 19 in Stealth
   274 | D        | Killed a human
   274 | D        | Reached skill level 10 in Hexes
   322 | D        | Noticed a shadow
   330 | D        | Killed a shadow
   330 | D        | Reached ** piety under Dithmenos
   330 | D        | Reached XP level 8. HP: 36/36 MP: 15/20
   376 | D        | Reached *** piety under Dithmenos
   387 | D        | Noticed a two-headed ogre
   390 | D        | Killed a two-headed ogre
   394 | D        | Noticed a two-headed ogre
   394 | D        | Noticed Erolcha
   396 | D        | Killed Erolcha
   396 | D        | Reached skill level 20 in Stealth
   396 | D        | Reached XP level 9. HP: 39/39 MP: 21/23
   397 | D        | Killed a two-headed ogre
   397 | D        | Reached skill level 10 in Spellcasting
   420 | D        | Reached **** piety under Dithmenos
   429 | D        | Reached skill level 1 in Fighting
   528 | D        | Noticed Dowan
   528 | D        | Noticed Duvessa
   532 | D        | Noticed a wandering mushroom
   536 | D        | Noticed a wandering mushroom
   538 | D        | Noticed a wandering mushroom
   780 | D        | Killed a wandering mushroom
   800 | D        | Reached skill level 5 in Dodging
   957 | D        | Noticed a cane toad
   957 | D        | Noticed a komodo dragon
   957 | D        | Noticed a cane toad
   960 | D        | Killed a cane toad
   960 | D        | Reached ***** piety under Dithmenos
   962 | D        | Killed a cane toad
   962 | D        | Reached skill level 21 in Stealth
   962 | D        | Reached XP level 10. HP: 47/47 MP: 25/25
   970 | D        | Reached skill level 10 in Short Blades
   977 | D        | Reached skill level 15 in Hexes
   982 | D        | Noticed a lindwurm
   985 | D        | Killed a lindwurm
   993 | D        | Noticed Urug
  1282 | D        | Killed Urug
  1282 | D        | Reached ****** piety under Dithmenos
  1360 | D        | Noticed a six-headed hydra
  1360 | D        | Noticed a four-headed hydra
  1368 | D        | Killed a six-headed hydra
  1369 | D        | Killed a four-headed hydra
  1369 | D        | Reached skill level 5 in Fighting
  1380 | D        | Noticed a death drake
  1383 | D        | Killed a death drake
  1383 | D        | Reached XP level 11. HP: 55/55 MP: 28/28
  1416 | D        | Reached skill level 22 in Stealth
  1431 | D        | Reached skill level 10 in Dodging
  1517 | D        | Noticed Rupert
  1537 | D        | Killed Rupert
  1568 | D        | Noticed a death yak
  1568 | D        | Noticed a death yak
  1571 | D        | Noticed a death yak
  1572 | D        | Noticed a death yak
  1694 | D        | Killed Dowan
  1732 | D        | Killed Duvessa
  2286 | D        | Killed a death yak
  2532 | D        | Killed a death yak
  2777 | D        | Killed a death yak
  2777 | D        | Reached skill level 23 in Stealth
  2777 | D        | Reached XP level 12. HP: 42/63 MP: 26/30
  2969 | D        | Killed a death yak
  3122 | D        | Noticed an azure jelly
  3122 | D        | Noticed an azure jelly
  3122 | D        | Noticed an azure jelly
  3122 | D        | Noticed an azure jelly
  3142 | D        | Killed an azure jelly
  3168 | D        | Mangled by an azure jelly

Illustrated notes

Levels and vault maps discovered:
D:        dungeon_sprint_mu [sprint_mu_entry_cave, sprint_mu_temple_rooms,
          sprint_mu_d1_spiders, sprint_mu_d2_genie, sprint_mu_d3_branching,
          sprint_mu_orc_legion, sprint_mu_elf_gauntlet, sprint_mu_hive_nellie,
          sprint_mu_lair_fedhas, sprint_mu_vaults_butterflies,
          sprint_mu_slime_circle, sprint_mu_shoals_archi,
          sprint_mu_snake_twists, sprint_mu_blade_basic, sprint_mu_crypt_lich,
          sprint_mu_tomb_spiral, sprint_mu_vestibule_basic,
          sprint_mu_gehenna_hellfire, sprint_mu_dis_giant,
          sprint_mu_tartarus_statrot, sprint_mu_cocytus_islands, sprint_mu_zot1]

Skill      XL: |  1  2  3  4  5  6  7  8  9 10 11 12 |
---------------+-------------------------------------+-----
Stealth        | 10 13 15 18 19 20 21 23 | 23.3
Short Blades   | 4 6 8 9 11 12 13 | 13.1
Spellcasting   | 6 7 9 10 12 13 14 | 14.2
Hexes          | 8 10 13 14 16 18 19 | 19.0
Fighting       | 2 5 7 |  7.8
Dodging        | 5 9 12 13 | 13.1

Action                   |  1- 3 |  4- 6 |  7- 9 | 10-12 || total
-------------------------+-------+-------+-------+-------++-------
Melee: Dagger            |     5 |     6 |    41 |    76 ||   128
 Cast: Ensorcelled Hiber |       |     1 |     6 |    52 ||    59
       Confusing Touch   |       |       |     5 |     7 ||    12
  Use: Potion            |       |       |       |     1 ||     1
 Stab: Sleeping          |     5 |     5 |    14 |    28 ||    52
       Confused          |       |       |     6 |    11 ||    17
Armor: Robe              |       |       |     3 |       ||     3
Dodge: Dodged            |       |     1 |    12 |    29 ||    42

Table legend: (Time is in decaauts)
 A = Elapsed time spent in this place.
 B = Non-inter-level travel time spent in this place.
 C = Inter-level travel time spent in this place.
 D = Time resting spent in this place.
 E = Time spent auto-exploring this place.
 F = Levels seen in this place.
 G = Mean time per level.
                   A        B        C        D        E       F      G
               +--------+--------+--------+--------+--------+-----+--------+
         Total |   2898 |   2869 |     29 |   2225 |     17 |   1 | 2898.0 |
       Dungeon |   2898 |   2869 |     29 |   2225 |     17 |   1 | 2898.0 |
               +--------+--------+--------+--------+--------+-----+--------+

Top non-repeatable levels by time:
       D: 2898 daAuts
